 Dungeon Crawl Stone Soup version 0.31-a0-369-g8eba5f6939 (webtiles) character file.

Game seed: 124390676429942085

780 CraigForest the Slasher (level 7, -1/61 HPs)
             Began as a Hill Orc Monk on July 29, 2023.
             Was a Priest of the Shining One.
             Killed from afar by an orc wizard (8 damage)
             ... with a magic dart
             ... on level 4 of the Dungeon.
             The game lasted 00:15:29 (2427 turns).

CraigForest the Slasher (Hill Orc Monk)             Turns: 2427, Time: 00:15:33

Health: -1/61      AC: 28    Str: 14    XL:     7   Next: 85%
Magic:  7/7        EV:  8    Int: 10    God:    the Shining One [***...]
Gold:   186        SH:  0    Dex: 21    Spells: 6/6 levels left

rFire   . . .        a - +0 falchion
rCold   . . .        d - orb {light}
rNeg    + . .        y - +18 Lear's hauberk
rPois   .            (helmet currently unavailable)
rElec   .            D - +0 cloak
rCorr   .            (gloves currently unavailable)
SInv    .            (boots currently unavailable)
Will    +....        (no amulet) Stlth
                     j - +6 ring of dexterity
HPRegen 0.30/turn    l - ring of willpower
MPRegen 0.10/turn

%: no passive effects
@: weakened, glowing
A: no striking features
a: Renounce Religion, Divine Shield, Cleansing Flame


You were on level 4 of the Dungeon.
You worshipped the Shining One.
The Shining One was most pleased with you.
You visited 1 branch of the dungeon, and saw 4 of its levels.

You collected 186 gold pieces.

Inventory:

Hand Weapons
 a - a +0 falchion (weapon)
 h - a +1 sling of freezing
 C - a +0 dagger of venom
Missiles
 t - 4 boomerangs (quivered)
 x - a throwing net
 z - 6 javelins
 E - 6 poisoned darts
Armour
 b - a +0 robe
 d - an orb of light (worn)
 e - a +0 chain mail
 p - a +0 helmet
 q - a +0 pair of gloves
 w - a +3 scale mail
 y - the +18 Lear's hauberk (worn)
   (You found it on level 2 of the Dungeon)
 D - a +0 cloak (worn)
Jewellery
 i - a +6 ring of intelligence
 j - a +6 ring of dexterity (left hand)
 l - a ring of willpower (right hand)
 r - a ring of fire
 v - an amulet of faith
 H - a ring of willpower
Wands
 F - a wand of charming (8)
Scrolls
 f - a scroll of blinking {unknown}
 g - 2 scrolls of revelation {unknown}
 k - 4 scrolls of identify {unknown}
 m - a scroll of torment {unknown}
 o - a scroll of enchant armour {unknown}
 A - 2 scrolls of teleportation {unknown}
 G - a scroll of amnesia {unknown}
Potions
 c - 2 potions of ambrosia
 n - 2 potions of cancellation {unknown}
 s - 3 potions of mutation {unknown}
 u - a potion of curing {unknown}
 B - 3 potions of haste {unknown}


   Skills:
 + Level 5.6 Fighting
 + Level 7.6 Long Blades
 + Level 3.5 Armour
 + Level 3.2 Dodging


You had 6 spell levels left.
You didn't know any spells.
Your spell library contained the following spells:

 Spells                   Type           Power      Damage    Failure   Level
 Lesser Beckoning         Tloc           0%         N/A       100%        2
 Sublimation of Blood     Necr           0%         N/A       100%        2
 Gell's Gravitas          Tloc           0%         N/A       100%        3
 Teleport Other           Tloc           0%         N/A       100%        3
 Petrify                  Tmut/Erth      0%         N/A       100%        4
 Irradiate                Conj/Tmut      0%         3d11      100%        5


Dungeon Overview and Level Annotations

Branches:
Dungeon (4/15)
 Temple: D:4-7

Altars:
Ashenzari
Makhleb
Okawaru
Qazlal
The Shining One


Message History

You hit the gnoll.
The gnoll is heavily wounded.
You hit the gnoll.
The gnoll is severely wounded.
The gnoll barely misses you.
You hit the gnoll.
The gnoll is almost dead.
The gnoll hits you but does no damage.
You hit the gnoll but do no damage.
The gnoll is almost dead.
The gnoll hits you but does no damage.
You hit the gnoll.
You kill the gnoll!
The orc wizard casts a spell at you.
The puff of flame hits you but does no damage.
The gnoll bouda gazes fiercely through you!
You feel as though you will be weak longer.
The gnoll hits you from afar with a +0 spear.
* * * LOW HITPOINT WARNING * * *
The orc wizard completely misses you.
The gnoll bouda calls upon its god to heal the gnoll.
The gnoll's wounds heal themselves!
Things that are here:
a +0 halberd; 7 stones; a gnoll corpse You hit the orc wizard.
The orc wizard is moderately wounded.
The gnoll hits you but does no damage.
The orc wizard hits you but does no damage.
You hit the orc wizard.
The orc wizard is heavily wounded.
The gnoll is no longer moving quickly.
The gnoll hits you but does no damage. The orc wizard hits you with a +0 club.
* * * LOW HITPOINT WARNING * * *
You hit the orc wizard.
The orc wizard is severely wounded.
The gnoll hits you from afar with a +0 spear.
* * * LOW HITPOINT WARNING * * *
The orc wizard gestures at you while chanting.
The magic dart hits you!
You die...

###''''#############og.#
....)..............#ggo#
~~~....~≈~≈~~~≈~~~~#####
≈≈~....~≈≈≈≈≈≈≈≈≈≈≈≈≈≈≈≈
~~~....~)~~~≈~≈~)≈~~~~~~
......ggg)....)†........
......gg###.##########.#
#######o# #.# #.# #@#
#.# #.# #.# #.# #.# #.#
#.# #.# #.# #.# #.# #.#
#.# #. #.# ... .## .


You could see a gnoll bouda, an orc wizard (invisible) and 4 gnolls.

Vanquished Creatures
  Sigmund (D:3)
  An ogre (D:4)
  The ghost of CraigForest the Changeling, an amateur DrSh (D:3)
  A kobold brigand (D:3)
  A howler monkey (D:4)
  A hound (D:4)
  A gnoll bouda (D:4)
  Jessica (D:3)
  An iguana (D:4)
  Natasha (thrice) (D:2)
  Robin (D:1)
  2 adders
  2 gnolls (D:4)
  3 worms
  A dart slug (D:1)
  6 orcs
  3 ball pythons
  2 endoplasms
  A giant cockroach (D:3)
  9 hobgoblins
  12 jackals (D:4)
  10 kobolds
  2 quokkas
  4 bats
  A frilled lizard (D:1)
  12 goblins
  7 rats
90 creatures vanquished.

Vanquished Creatures (others)
  An orc (D:4)
1 creature vanquished.

Grand Total: 91 creatures vanquished

Notes
Turn   | Place    | Note
-------+----------+-------------------------------------------
     0 | D:1      | CraigForest the Hill Orc Monk began the quest for the Orb.
     0 | D:1      | Reached XP level 1. HP: 19/19 MP: 1/1
   106 | D:1      | Reached XP level 2. HP: 26/27 MP: 2/2
   614 | D:2      | Noticed Natasha
   616 | D:2      | Noticed Robin
   620 | D:2      | Killed Natasha
   621 | D:2      | Reached skill level 4 in Long Blades
   621 | D:2      | Reached XP level 3. HP: 22/33 MP: 3/3
   725 | D:1      | Killed Robin
   726 | D:1      | Reached XP level 4. HP: 15/41 MP: 4/4
   927 | D:2      | Found a broken altar of Ashenzari.
  1194 | D:2      | Noticed Natasha
  1201 | D:2      | Killed Natasha
  1202 | D:2      | Reached skill level 1 in Armour
  1202 | D:2      | Reached XP level 5. HP: 45/47 MP: 5/5
  1260 | D:2      | Found the +18 Lear's hauberk
  1390 | D:2      | Noticed Natasha
  1402 | D:2      | Killed Natasha
  1593 | D:3      | Reached skill level 5 in Long Blades
  1670 | D:3      | Noticed Jessica
  1679 | D:3      | Killed Jessica
  1684 | D:3      | Found a stormy altar of Qazlal.
  1693 | D:3      | Found a glowing golden altar of the Shining One.
  1697 | D:3      | Found a burning altar of Makhleb.
  1698 | D:3      | Found an iron altar of Okawaru.
  1700 | D:3      | Became a worshipper of the Shining One
  1700 | D:3      | Reached * piety under the Shining One
  1700 | D:3      | Reached ** piety under the Shining One
  1759 | D:3      | Found a broken altar of Ashenzari.
  1939 | D:3      | Noticed Sigmund
  1953 | D:3      | Killed Sigmund
  1954 | D:3      | Reached skill level 5 in Fighting
  1954 | D:3      | Reached skill level 6 in Long Blades
  1954 | D:3      | Reached XP level 6. HP: 48/56 MP: 6/6
  2013 | D:3      | Found a runed translucent gate.
  2014 | D:3      | Found a runed translucent gate.
  2014 | D:3      | Noticed CraigForest's ghost (amateur DrSh)
  2015 | D:3      | Found a runed translucent gate.
  2056 | D:3      | Reached XP level 7. HP: 32/61 MP: 7/7
  2068 | D:3      | Killed CraigForest's ghost
  2278 | D:4      | Reached skill level 7 in Long Blades
  2400 | D:4      | Reached *** piety under the Shining One
  2427 | D:4      | Killed from afar by an orc wizard

Illustrated notes

Levels and vault maps discovered:
D:1:      dpeg_arrival_round_c, layout_rooms
D:2:      layout_basic, minmay_hexomino_r4, uniq_natasha, uniq_robin
D:3:      layout_basic, nicolae_overflow_hallway_of_the_gods,
          gammafunk_ghost_nasty_kobolds, uniq_jessica, uniq_sigmund
D:4:      lemuel_castle_with_subvaults [lemuel_castle_interior_carwin_3],
          layout_loops_ring

Skill      XL: |  1  2  3  4  5  6  7 |
---------------+----------------------+-----
Fighting       | 4 5 |  5.6
Long Blades    | 4 6 7 |  7.6
Armour         | 1 2 3 |  3.5
Dodging        | 3 |  3.2

Action                     |  1- 3 |  4- 6 |  7- 9 || total
---------------------------+-------+-------+-------++-------
  Melee: Falchion          |    63 |   121 |   129 ||   313
 Armour: Chain mail        |    56 |    94 |   134 ||   284
         Scale mail        |       |     2 |       ||     2
  Dodge: Dodged            |    37 |    56 |    82 ||   175

Table legend: (Time is in decaauts)
 A = Elapsed time spent in this place.
 B = Non-inter-level travel time spent in this place.
 C = Inter-level travel time spent in this place.
 D = Time resting spent in this place.
 E = Time spent auto-exploring this place.
 F = Levels seen in this place.
 G = Mean time per level.
                   A        B        C        D        E       F      G
               +--------+--------+--------+--------+--------+-----+--------+
         Total |   2452 |   2434 |     18 |      0 |   1465 |   4 |  613.0 |
       Dungeon |   2452 |   2434 |     18 |      0 |   1465 |   4 |  613.0 |
               +--------+--------+--------+--------+--------+-----+--------+

Top non-repeatable levels by time:
     D:1: 818 daAuts
     D:2: 676 daAuts
     D:3: 671 daAuts
     D:4: 286 daAuts
